 Dungeon Crawl Stone Soup version 0.26-a0-520-g952f204493 (webtiles) character file.

Game seed: 2173486347436291298

2219 ReteAZ the Unseen (level 9, -9/72 HPs)
             Began as a Kobold Brigand on Aug 12, 2020.
             Mangled by Harold
             ... wielding a +2 battleaxe of electrocution
              (11 damage)
             ... on level 7 of the Dungeon.
             The game lasted 00:13:40 (9272 turns).

ReteAZ the Unseen (Kobold Brigand)                  Turns: 9272, Time: 00:13:41

Health: -9/72      AC: 24    Str:  9    XL:     9   Next: 61%
Magic:  9/9        EV:  3    Int: 18    God:
Gold:   365        SH:  0    Dex: 19    Spells: 8/8 levels left

rFire    . . .     SeeInvis +   I - +0 falchion (vorpal)
rCold    . . .     Faith    .   (shield restricted)
rNeg     + + +     Spirit   .   (armour currently unavailable)
rPois    +         Reflect  .   (helmet currently unavailable)
rElec    .         Harm     .   (cloak currently unavailable)
rCorr    .         NoTele   +   (gloves currently unavailable)
MR       .....                  (boots currently unavailable)
Stlth    +++++++...             (no amulet)
HPRegen  0.22/turn              H - ring of see invisible
MPRegen  0.11/turn              t - +6 ring of intelligence

@: tree-form, mesmerised, studying Shields
A: small, nightstalker 3
a: no special abilities


You were on level 7 of the Dungeon.
You were a tree.
You visited 1 branch of the dungeon, and saw 7 of its levels.

You collected 365 gold pieces.

Inventory:

Hand Weapons
 a - a +2 dagger
 m - a +3 dagger of venom
 w - a +2 whip of electrocution
 I - a +0 vorpal falchion (weapon)
Missiles
 d - 33 poisoned darts (quivered)
 e - 2 curare-tipped darts
 k - 2 throwing nets
 x - 7 atropa-tipped darts
 y - 8 boomerangs
Armour
 b - a +0 robe (melded)
 c - a +0 cloak (melded)
 l - a +0 buckler
 u - a +2 pair of gloves (melded)
 E - a +0 pair of boots (melded)
Jewellery
 i - a +4 ring of evasion {unknown}
 p - an uncursed ring of positive energy
 t - a +6 ring of intelligence (right branch)
 z - an uncursed amulet of magic regeneration {unknown}
 H - a ring of see invisible (left branch)
Wands
 q - a wand of acid (8)
 v - a wand of digging (8)
 M - a wand of random effects (29)
Scrolls
 f - a scroll of magic mapping
 g - 5 scrolls of identify
 h - a scroll of remove curse
 j - a scroll of immolation
 o - 2 scrolls of enchant armour
Potions
 s - a potion of berserk rage {unknown}
 A - a potion of degeneration
 G - a potion of brilliance {unknown}
 K - a potion of might {unknown}
Books
 L - a manual of Shields


   Skills:
 - Level 2.1 Fighting
 - Level 2.6 Short Blades
 - Level 2.1 Throwing
 + Level 5.0 Dodging
 + Level 15.0 Stealth
 - Level 4.0 Shields


You had 8 spell levels left.
You didn't know any spells.
Your spell library was empty.

Dungeon Overview and Level Annotations

Branches:
Dungeon (7/15)
 Temple: D:4-7

Altars:
Gozag
Hepliaklqana
Kikubaaqudgha
Makhleb
Uskayaw
Wu Jian
Zin

Annotations:
D:7 Harold, Maggie


Innate Abilities, Weirdness & Mutations

You are small and have problems with some larger weapons.
You are completely attuned to the shadows.


Message History

The creatures around you are filled with an inner flame!
The orc wizard hits you but does no damage.
Harold barely misses you.
The orc wizard hits you but does no damage.
You miss the orc wizard. Maggie hits you but does no damage.
The orc wizard hits you but does no damage.
Harold completely misses you.
You riposte.
You barely miss Harold. You barely miss the orc wizard.
Maggie hits you but does no damage.
The orc wizard hits you but does no damage.
The orc wizard gestures at you while chanting.
The magic dart hits you but does no damage.
Maggie hits you but does no damage.
You miss the orc wizard. Harold hits you but does no damage.
The orc wizard gestures wildly while chanting.
The orc wizard blinks!
Maggie hits you but does no damage.
You hit the wight but do no damage.
Harold hits you with a +2 battleaxe of electrocution!
* * * LOW HITPOINT WARNING * * *
You are electrocuted!
You die...

...#
..o.##
z..oo#
...z@##
..oo5@##
F...#z♣#
....####
....
....


You could see Harold (inner flame), Maggie (mesmerising, inner flame), an iron
imp, 2 wights, an orc priest (inner flame), 2 orc wizards and 2 orcs.

Vanquished Creatures
  A manticore (D:6)
  An orc warrior (D:7)
  An ice beast (D:5)
  A sky beast (D:6)
  An ogre (D:4)
  A centaur (D:5)
  3 bullfrogs
  7 wights
  2 howler monkeys
  A bullfrog zombie (D:5)
  3 orc priests
  3 hounds
  Crazy Yiuf (D:4)
  A bullfrog skeleton (D:5)
  A centaur skeleton (D:4)
  An iguana (D:5)
  2 orc wizards
  2 worker ants (D:4)
  A howler monkey zombie (D:6)
  A worker ant zombie (D:6)
  18 gnolls
  9 adders
  A shadow imp (D:5)
  A white imp (D:6)
  An ufetubus (D:6)
  An ooze (D:6)
  3 worms
  4 leopard geckos
  24 orcs
  5 giant cockroaches
  9 goblins
  6 hobgoblins
  22 jackals
  7 kobolds
  3 quokkas
  A ball python (D:2)
  9 bats
  7 frilled lizards
  5 rats
171 creatures vanquished.

Vanquished Creatures (others)
  2 fungi (D:4)
2 creatures vanquished.

Grand Total: 173 creatures vanquished

Notes
Turn   | Place    | Note
-------+----------+-------------------------------------------
     0 | D:1      | ReteAZ the Kobold Brigand began the quest for the Orb.
     0 | D:1      | Reached XP level 1. HP: 12/12 MP: 1/1
   187 | D:1      | Reached XP level 2. HP: 17/17 MP: 2/2
   189 | D:1      | Reached skill level 6 in Stealth
   894 | D:2      | Reached XP level 3. HP: 21/21 MP: 3/3
  1035 | D:2      | Reached skill level 7 in Stealth
  1069 | D:2      | Reached XP level 4. HP: 21/26 MP: 4/4
  1405 | D:2      | Reached skill level 8 in Stealth
  1762 | D:2      | Reached XP level 5. HP: 23/30 MP: 5/5
  1889 | D:2      | Found a hide-covered altar of Uskayaw.
  1896 | D:2      | Found an ornate altar of the Wu Jian Council.
  3013 | D:3      | Reached skill level 9 in Stealth
  3362 | D:3      | Reached XP level 6. HP: 13/35 MP: 6/6
  3572 | D:3      | Found a burning altar of Makhleb.
  3673 | D:3      | Reached skill level 10 in Stealth
  3929 | D:3      | Found a hazy altar of Hepliaklqana.
  3935 | D:3      | Found an opulent altar of Gozag.
  3947 | D:3      | Found an ancient bone altar of Kikubaaqudgha.
  4789 | D:4      | You fall into a shaft and drop 2 floors!
  4802 | D:6      | Noticed a sky beast
  4806 | D:6      | Killed a sky beast
  4806 | D:6      | Reached skill level 11 in Stealth
  4806 | D:6      | Reached XP level 7. HP: 40/40 MP: 7/7
  4814 | D:5      | Entered Level 5 of the Dungeon
  5369 | D:4      | Reached skill level 12 in Stealth
  6010 | D:4      | Reached XP level 8. HP: 31/44 MP: 8/8
  6459 | D:4      | Found a runed translucent door.
  6462 | D:4      | Noticed Crazy Yiuf
  6472 | D:4      | Killed Crazy Yiuf
  6803 | D:4      | Reached skill level 13 in Stealth
  7675 | D:5      | Reached skill level 14 in Stealth
  7788 | D:5      | Found a glowing silver altar of Zin.
  8133 | D:6      | Reached skill level 1 in Shields
  8314 | D:6      | Noticed a manticore
  8321 | D:6      | Killed a manticore
  8321 | D:6      | Reached XP level 9. HP: 48/48 MP: 9/9
  8908 | D:5      | Noticed a rust devil
  8908 | D:5      | Noticed a rust devil
  9245 | D:7      | Noticed Maggie
  9250 | D:7      | Reached skill level 15 in Stealth
  9260 | D:7      | Noticed Harold
  9261 | D:7      | Reached skill level 5 in Dodging
  9272 | D:7      | HP: 2/72 [Harold/+2 battleaxe of electrocution (15)]
  9272 | D:7      | Mangled by Harold

Illustrated notes

Levels and vault maps discovered:
D:1:      mrwooster_arrival_statue, layout_rooms, kennysheep_minor_cross
D:2:      minmay_inner_zag, layout_basic, amethyst_overflow_temple_binary
D:3:      layout_loops_ring, lemuel_crystal_altar,
          minmay_overflow_temple_star_quad
D:4:      layout_basic, uniq_crazy_yiuf_cottage
D:5:      cheibrodos_iron_armory, layout_basic, kennysheep_mini_moat
D:6:      layout_rooms, minmay_manual_moon
D:7:      layout_rooms, slow_altar_1, minmay_temple_entry_stoned_glass,
          uniq_harold, uniq_maggie

Skill      XL: |  1  2  3  4  5  6  7  8  9 |
---------------+----------------------------+-----
Stealth        | 6 7 8 9 11 12 14 15 | 15.0
Dodging        | 3 5 |  5.0
Shields        | 2 4 |  4.0
Fighting       | |  2.1
Short Blades   | |  2.6
Throwing       | |  2.1

Action                   |  1- 3 |  4- 6 |  7- 9 || total
-------------------------+-------+-------+-------++-------
Melee: Dagger            |    68 |   153 |   246 ||   467
       Falchion          |       |       |    17 ||    17
Throw: Dart              |     2 |     3 |     2 ||     7
       Throwing net      |       |     1 |       ||     1
Evoke: Wand              |       |       |    14 ||    14
  Use: Potion            |     2 |       |    10 ||    12
       Scroll            |       |       |    12 ||    12
 Stab: Sleeping          |    19 |    26 |    31 ||    76
       Distracted        |       |       |     2 ||     2
Armor: Robe              |    14 |    18 |    48 ||    80
       Skin              |       |       |    69 ||    69
Dodge: Dodged            |    39 |    73 |   184 ||   296
       Rpst.: Falchion   |       |       |     5 ||     5

Table legend: (Time is in decaauts)
 A = Elapsed time spent in this place.
 B = Non-inter-level travel time spent in this place.
 C = Inter-level travel time spent in this place.
 D = Time resting spent in this place.
 E = Time spent auto-exploring this place.
 F = Levels seen in this place.
 G = Mean time per level.
                   A        B        C        D        E       F      G
               +--------+--------+--------+--------+--------+-----+--------+
         Total |   9219 |   8887 |    332 |   2556 |   4761 |   7 | 1317.0 |
       Dungeon |   9219 |   8887 |    332 |   2556 |   4761 |   7 | 1317.0 |
               +--------+--------+--------+--------+--------+-----+--------+

Top non-repeatable levels by time:
     D:3: 2017 daAuts
     D:2: 1998 daAuts
     D:4: 1691 daAuts
     D:5: 1578 daAuts
     D:6: 1059 daAuts
     D:1: 830 daAuts
     D:7: 43 daAuts
